 Dungeon Crawl Stone Soup version 0.20-a0-967-g62cfa5d (webtiles) character file.

1701 Zargon the Cleaver (level 9, -2/64 HPs)
             Began as a Formicid Fighter on Apr 7, 2017.
             Was a Follower of Makhleb.
             Slain by a gnoll
             ... wielding a +2 whip of electrocution
              (19 damage)
             ... on level 8 of the Dungeon.
             The game lasted 00:23:21 (5920 turns).

Zargon the Cleaver (Formicid Fighter)               Turns: 5920, Time: 00:23:21

Health: -2/64      AC: 11    Str: 20    XL:     9   Next: 23%
Magic:  11/11      EV:  9    Int: 10    God:    Makhleb [*.....]
Gold:   342        SH:  0    Dex: 12    Spells: 8/8 levels left

rFire    . . .     SeeInvis +   a - +0 war axe
rCold    . . .     Gourm    +   (no shield)
rNeg     . . .     Faith    .   b - +0 scale mail
rPois    .         Spirit   .   (helmet unavailable)
rElec    .         Reflect  .   i - +0 cloak
rCorr    .         Harm     .   j - +2 pair of gloves
MR       .....                  (no boots)
Stlth    ..........             l - amulet of the gourmand
Regen    0.2/turn               (no ring)
MPRegen  0.2/turn               (no ring)

@: no status effects
A: permanent stasis, dig shafts and tunnels, four strong arms, antennae 3
a: Dig, Shaft Self, Renounce Religion


You were on level 8 of the Dungeon.
You worshipped Makhleb.
Makhleb was aware of your devotion.
You were completely stuffed.

You visited 2 branches of the dungeon, and saw 8 of its levels.

You collected 342 gold pieces.

Inventory:

Hand Weapons
 a - a +0 war axe (weapon)
Missiles
 e - 78 stones (quivered)
 p - 39 poisoned needles
Armour
 b - a +0 scale mail (worn)
 c - a +0 shield
 i - a +0 cloak (worn)
 j - a +2 pair of gloves (worn)
Jewellery
 l - an amulet of the gourmand (around neck)
Wands
 q - a wand of confusion (12/48)
 w - a wand of digging (16/24)
Scrolls
 h - a scroll of fear
 m - a scroll of recharging
Potions
 k - 2 potions of flight
 n - a potion of mutation {!q}
 s - a potion of cancellation {unknown}
 t - a potion of curing
 u - a potion of magic {unknown}
 v - a potion of heal wounds
 x - 2 potions of ambrosia
Comestibles
 f - 3 bread rations
 o - 4 fruits
 r - 3 meat rations


   Skills:
 - Level 3.2 Fighting
 * Level 10.4 Axes
 - Level 3.2 Armour
 - Level 5.0 Shields
 + Level 3.9 Invocations


You had 8 spell levels left.
You didn't know any spells.

Dungeon Overview and Level Annotations

Branches:
Dungeon (6/15)             Temple (1/1) D:4

Altars:
Ashenzari
Cheibriados
Dithmenos
Elyvilon
Fedhas
Hepliaklqana
Kikubaaqudgha
Makhleb
Nemelex Xobeh
Okawaru
Qazlal
Ru
Sif Muna
Trog
Uskayaw
Vehumet
Wu Jian
Xom
Yredelemnul
Zin
The Shining One

Shops:
D:5 [   D:8 [

Annotations:
D:4 Dingo's ghost, amateur BuWn


Innate Abilities, Weirdness & Mutations

You cannot be hasted, slowed, berserked, paralysed or teleported.
You can dig through walls and to a lower floor.
Your four strong arms can wield two-handed weapons with a shield.
You have a pair of large antennae on your head. (SInv)


Message History

The orc hits you but does no damage.
You closely miss the orc. The orc barely misses you.
You hit the orc but do no damage. The orc barely misses you.
You barely miss the orc. The orc barely misses you.
You hit the orc.
The orc is moderately wounded.
The orc barely misses you.
You slash the orc!
You kill the orc!
Makhleb accepts your kill.
e - 65 stones (gained 7)
Things that are here:
a dagger; a leather armour
e - 66 stones (gained 1)
e - 67 stones (gained 1)
e - 68 stones (gained 1)
e - 69 stones (gained 1)
You now have 342 gold pieces (gained 16).
e - 70 stones (gained 1)
e - 71 stones (gained 1)
e - 78 stones (gained 7)
A gnoll comes into view. It is wielding a flail.
The gnoll shouts!
A gnoll shaman comes into view. It is wielding a whip.
The gnoll shaman shouts!
You hit the gnoll.
The gnoll is heavily wounded.
The gnoll barely misses you.
Unknown command.
You slash the gnoll!
You kill the gnoll!
Makhleb accepts your kill.
Unknown command.
The gnoll shaman hits you but does no damage.
A gnoll comes into view. It is wielding a halberd.
Things that are here:
a flail; a gnoll corpse You slash the gnoll shaman!
The gnoll shaman is heavily wounded.
The gnoll shaman mumbles some strange prayers to its god against you.
You easily resist.
Unknown command.
You hit the gnoll shaman.
The gnoll shaman is severely wounded.
The gnoll shaman hits you with a whip.
Unknown command.
You hit the gnoll shaman.
The gnoll shaman is almost dead.
The gnoll shaman hits you with a whip.
You hit the gnoll shaman but do no damage.
The gnoll shaman is almost dead.
The gnoll shaman hits you with a whip.
A gnoll comes into view. It is wielding a whip of electrocution.
You barely miss the gnoll shaman.
The gnoll shaman is almost dead.
The gnoll shaman hits you but does no damage.
The gnoll hits you from afar with a halberd!
You slash the gnoll shaman!
You kill the gnoll shaman!
Makhleb accepts your kill. The gnoll hits you with a halberd.
You slash the gnoll!
The gnoll is almost dead.
The gnoll hits you with a halberd!
Unknown command.
You completely miss the gnoll.
The gnoll is almost dead.
The gnoll barely misses you.
Unknown command.
You hit the gnoll.
You kill the gnoll!
Makhleb accepts your kill.
You feel better.
Unknown command.
Your scale mail prevents you from hitting the gnoll.
The gnoll barely misses you.
Unknown command.
You completely miss the gnoll.
The gnoll hits you with a whip of electrocution.
Unknown command.
You hit the gnoll.
The gnoll is moderately wounded.
The gnoll closely misses you.
Unknown command.
You hit the gnoll.
The gnoll is heavily wounded.
The gnoll hits you but does no damage.
Unknown command.
You completely miss the gnoll.
The gnoll is heavily wounded.
The gnoll hits you with a whip of electrocution.
You are electrocuted!
* * * LOW HITPOINT WARNING * * *
Unknown command.
You hit the gnoll but do no damage.
The gnoll is heavily wounded.
The gnoll hits you with a whip of electrocution.
* * * LOW HITPOINT WARNING * * *
You are electrocuted!
You die...

[. ######.######
............# #.....≈..
#............#######......≈≈
........................≈≈≈≈
#............##.# #..{g≈≈..
##....≈.......##@# #..g.....
....≈≈.........#g# #.....≈..
.....≈≈≈..####.#)####........
......≈≈...#.......gg........
.).......#.#............≈≈≈..
.........#..............≈≈≈..
...≈≈..####.............≈≈...
.......# #..................
.......# #.####)####........


You could see a gnoll.

Vanquished Creatures
  Sigmund (D:4)
  2 phantoms (D:5)
  2 ice beasts
  An orc warrior (D:8)
  A centaur (D:5)
  2 bullfrogs (D:6)
  A scorpion (D:8)
  A howler monkey (D:6)
  A crimson imp (D:5)
  A centaur zombie (D:6)
  A hound (D:4)
  A gnoll shaman (D:8)
  A bullfrog skeleton (D:4)
  2 orc priests
  3 orc wizards
  A centaur skeleton (D:5)
  Ijyb (D:5)
  An iguana (D:4)
  7 worker ants
  2 hound skeletons
  A worker ant zombie (D:8)
  2 gnolls (D:8)
  A howler monkey skeleton (D:8)
  8 adders
  A shadow imp (D:4)
  An ooze (D:2)
  An adder skeleton (D:4)
  7 worms
  2 dart slugs
  4 leopard geckos
  17 orcs
  2 ball pythons (D:2)
  A giant cockroach (D:3)
  7 goblins
  6 hobgoblins
  10 kobolds
  2 quokkas
  6 bats
  8 frilled lizards
  5 rats
125 creatures vanquished.

Notes
Turn   | Place    | Note
-------+----------+-------------------------------------------
     0 | D:1      | Zargon the Formicid Fighter began the quest for the Orb.
     0 | D:1      | Reached XP level 1. HP: 18/18 MP: 1/1
   144 | D:1      | Reached XP level 2. HP: 21/24 MP: 2/2
   403 | D:1      | Reached skill level 3 in Axes
   619 | D:1      | Reached XP level 3. HP: 29/29 MP: 3/3
  1074 | D:2      | Reached skill level 4 in Shields
  1074 | D:2      | Reached XP level 4. HP: 33/35 MP: 4/4
  1242 | D:2      | Reached skill level 4 in Axes
  2065 | D:3      | Reached XP level 5. HP: 41/41 MP: 5/5
  2083 | D:3      | HP: 5/41 [worm (6)]
  2869 | D:4      | Noticed a phantom
  3018 | D:4      | Reached skill level 5 in Shields
  3145 | D:4      | Reached skill level 5 in Axes
  3145 | D:4      | Reached XP level 6. HP: 32/47 MP: 6/6
  3504 | D:4      | Noticed an ice beast
  3518 | D:4      | Killed an ice beast
  3518 | D:4      | Reached skill level 6 in Axes
  3619 | D:4      | Reached XP level 7. HP: 50/52 MP: 7/7
  3651 | D:4      | Found a staircase to the Ecumenical Temple.
  3656 | Temple   | Entered the Ecumenical Temple
  3693 | Temple   | Became a worshipper of Makhleb the Destroyer
  3917 | D:4      | Noticed Dingo's ghost (amateur BuWn)
  3995 | D:5      | Entered Level 5 of the Dungeon
  3995 | D:5      | Noticed Sigmund
  4003 | D:4      | Killed Sigmund
  4003 | D:4      | Reached skill level 7 in Axes
  4012 | D:4      | HP: 13/52 [iguana (2)]
  4210 | D:5      | Reached XP level 8. HP: 53/58 MP: 8/8
  4242 | D:5      | Noticed Ijyb
  4255 | D:5      | Killed Ijyb
  4255 | D:5      | Reached skill level 8 in Axes
  4431 | D:5      | Found an ancient bone altar of Kikubaaqudgha.
  4616 | D:5      | Found Kaxameof's Antique Armour Shoppe.
  4664 | D:5      | Reached skill level 9 in Axes
  4704 | D:5      | Reached * piety under Makhleb
  5086 | D:6      | Found a glowing golden altar of the Shining One.
  5156 | D:6      | Found a glowing silver altar of Zin.
  5261 | D:6      | Reached skill level 1 in Invocations
  5297 | D:5      | Reached skill level 2 in Invocations
  5366 | D:6      | Reached XP level 9. HP: 64/64 MP: 10/10
  5416 | D:6      | Noticed a two-headed ogre
  5421 | D:6      | You fall through a shaft for 2 floors!
  5434 | D:8      | Reached skill level 10 in Axes
  5434 | D:8      | Reached skill level 3 in Invocations
  5613 | D:8      | Found Ydwis Deq's Antique Armour Shop.
  5920 | D:8      | Slain by a gnoll

Vault maps used:
D:1:      dpeg_arrival_solitude, minmay_liquid_box, minmay_tripent
D:4:      temple_doors_cd
D:5:      kiku_gazebo_pond_becter, serial_shops,
          nicolae_shop_overgrown_old_shop, first_bread, uniq_iyjb, uniq_sigmund
D:6:      zin_statuary, tso_altar, st_stairs_13, minmay_misc_feat_room
D:8:      serial_shops, shop, uniq_joseph
Temple:   compressed_dpeg_circular_temple

Skill      XL: |  1  2  3  4  5  6  7  8  9 |
---------------+----------------------------+-----
Axes           | 3 4 5 6 7 9 10 | 10.4
Shields        | 4 5 |  5.0
Invocations    | 2 3 |  3.9
Fighting       | |  3.2
Armour         | |  3.2

Action                   |  1- 3 |  4- 6 |  7- 9 || total
-------------------------+-------+-------+-------++-------
Melee: War axe           |   102 |   198 |   236 ||   536
Throw: Stone             |       |     7 |       ||     7
 Abil: Shaft Self        |       |       |     1 ||     1
Evoke: Wand              |       |       |     2 ||     2
  Use: Scroll            |       |     7 |     4 ||    11
       Potion            |       |     4 |     4 ||     8
  Eat: Chunk             |       |    11 |    15 ||    26
Armor: Scale mail        |    35 |    78 |    88 ||   201
Dodge: Dodged            |    31 |    80 |    91 ||   202
Block: Shield            |    55 |    42 |       ||    97

Vault maps used:
D:1:      dpeg_arrival_solitude, minmay_liquid_box, minmay_tripent
D:4:      temple_doors_cd
D:5:      kiku_gazebo_pond_becter, serial_shops,
          nicolae_shop_overgrown_old_shop, first_bread, uniq_iyjb, uniq_sigmund
D:6:      zin_statuary, tso_altar, st_stairs_13, minmay_misc_feat_room
D:8:      serial_shops, shop, uniq_joseph
Temple:   compressed_dpeg_circular_temple

Table legend:
 A = Turns spent in this place as a percentage of turns spent in the entire game.
 B = Non-inter-level travel turns spent in this place as a percentage of non-inter-level travel turns spent in the entire game.
 C = Inter-level travel turns spent in this place as a percentage of turns spent in this place.
 D = Turns resting spent in this place as a percentage of non-inter-level travel turns spent in this place.
 E = Turns spent auto-exploring this place as a percentage of non-inter-level travel turns spent in this place.
 F = Non-inter-level travel turns spent in this place divided by the number of levels of this place that you've seen.
                   A       B       C       D       E      F
               +-------+-------+-------+-------+-------+----------------------
         Total | 100.0 | 100.0 |   0.8 |   1.8 |   3.5 | 317.9
       Dungeon |  98.9 |  99.0 |   0.7 |   1.9 |   2.9 | 359.7
        Temple |   1.1 |   1.0 |   7.4 |   0.0 |  64.0 |  25.0
               +-------+-------+-------+-------+-------+----------------------

Table legend:
 A = Kills in this place as a percentage of kills in entire the game.
 B = Kills by you in this place as a percentage of kills by you in the entire game.
 C = Kills by friends in this place as a percentage of kills by friends in the entire game.
 D = Other kills in this place as a percentage of other kills in the entire game.
 E = Experience gained in this place as a percentage of experience gained in the entire game.
 F = Experience gained in this place divided by the number of levels of this place that you have seen.
                   A       B       C       D       E      F
               +-------+-------+-------+-------+-------+----------------------
         Total | 100.0 | 100.0 |  -nan |  -nan | 100.0 | 303.9
       Dungeon | 100.0 | 100.0 |  -nan |  -nan | 100.0 | 347.3
               +-------+-------+-------+-------+-------+----------------------
